 Dungeon Crawl Stone Soup version 0.23.1 (webtiles) character file.

Game seed: 0

8867 night the Summoner (level 11, -7/62 HPs)
             Began as a Gargoyle Summoner on Mar 19, 2019.
             Was a Priest of Sif Muna.
             Mangled by a yak (8 damage)
             ... on level 2 of the Lair of Beasts.
             The game lasted 00:52:31 (15769 turns).

night the Summoner (Gargoyle Summoner)             Turns: 15769, Time: 00:52:32

Health: -7/62      AC: 22    Str: 10    XL:     11   Next: 37%
Magic:  27/30      EV: 11    Int: 19    God:    Sif Muna [***...]
Gold:   80         SH:  0    Dex: 10    Spells: 11/24 levels left

rFire    + . .     SeeInvis .   a - +8 whip of the Present {venom, rF+ MR+ Str-2 Stlth+}
rCold    . . .     Gourm    .   (no shield)
rNeg     + . .     Faith    .   X - +3 ring mail
rPois    ∞         Spirit   .   (no helmet)
rElec    +         Reflect  .   P - +0 cloak
rCorr    .         Harm     .   F - +2 pair of gloves
MR       +....                  E - +0 pair of boots
Stlth    ++........             (no amulet)
HPRegen  0.20/turn              U - ring of flight
MPRegen  0.22/turn              R - ring of magical power

@: divine energy
A: negative energy resistance 1, electricity resistance, unbreathing,
petrification resistance, rot immunity, AC +8
a: Stop Divine Energy, Channel Magic, Renounce Religion, Evoke Flight


You were on level 2 of the Lair of Beasts.
You worshipped Sif Muna.
Sif Muna was most pleased with you.
You were hungry.

You visited 3 branches of the dungeon, and saw 13 of its levels.

You collected 559 gold pieces.
You spent 479 gold pieces at shops.

Inventory:

Hand Weapons
 a - the +8 whip of the Present (weapon) {venom, rF+ MR+ Str-2 Stlth+}
   (You found it on level 4 of the Dungeon)

   It poisons the flesh of those it strikes.
   It affects your strength (-2).
   It protects you from fire.
   It affects your resistance to hostile enchantments.
   It makes you more stealthy.
 b - the +5 spear of a sewer {pierce, rElec}
   (You found it on level 5 of the Dungeon)

   It inflicts extra damage upon your enemies.
   It insulates you from electricity.
 p - the +0 hunting sling "Luwusedd" {flame, MR+}
   (You found it on level 1 of the Lair of Beasts)

   It causes projectiles fired from it to burn those they strike, causing extra
   injury to most foes and up to half again as much damage against particularly
   susceptible opponents.
   It affects your resistance to hostile enchantments.
 B - a +2 dagger of venom
 W - a +1 shortbow
Missiles
 f - 201 arrows
 h - 257 stones (quivered)
 x - 152 bolts
 C - 7 curare-tipped needles
 J - a throwing net
Armour
 E - a +0 pair of boots (worn)
 F - a +2 pair of gloves (worn)
 L - a +0 leather armour of fire resistance
 P - a +0 cloak (worn)
 X - a +3 ring mail (worn)
Jewellery
 R - a ring of magical power (right hand)
 U - a ring of flight (left hand)
Wands
 j - a wand of disintegration (13)
 l - a wand of iceblast (7)
 w - a wand of digging (8)
 A - a wand of random effects (21)
 O - a wand of polymorph (12)
Scrolls
 m - a scroll of immolation
 o - 4 scrolls of magic mapping
 q - 3 scrolls of remove curse
 r - 4 scrolls of fog
 t - a scroll of amnesia
 u - 6 scrolls of identify
 H - 2 scrolls of random uselessness
 K - a scroll of teleportation
 M - a scroll of silence
Potions
 d - a potion of invisibility {unknown}
 e - 3 potions of heal wounds
 g - 3 potions of curing
 i - 5 potions of degeneration {unknown}
 k - 2 potions of magic {unknown}
 n - 5 potions of lignification {unknown}
 s - 3 potions of mutation {unknown}
 v - 3 potions of might {unknown}
 y - 5 potions of haste {unknown}
 z - a potion of brilliance
 D - 3 potions of agility
 I - a potion of resistance {unknown}
 Q - 3 potions of flight {unknown}
Miscellaneous
 N - a lamp of fire
Comestibles
 c - 24 rations


   Skills:
 - Level 4.6 Fighting
 * Level 7.5 Maces & Flails
 - Level 2.8 Armour
 - Level 3.3 Dodging
 - Level 2.1 Stealth
 - Level 7.1 Spellcasting
 - Level 8.2 Summonings
 + Level 7.4 Air Magic
 + Level 2.0 Poison Magic


You had 11 spell levels left.
You knew the following spells:

 Your Spells              Type           Power        Failure   Level  Hunger
a - Summon Small Mammal   Summ           ####         1%          1    None
b - Call Imp              Summ           #####...     1%          2    None
c - Call Canine Familiar  Summ           #####...     2%          3    #......
d - Summon Lightning Spi  Summ/Air       #####...     10%         4    ###....
e - Mephitic Cloud        Conj/Pois/Air  ###.....     21%         3    #......

Your spell library contained the following spells:

 Spells                   Type           Power        Failure   Level  Hunger
 Poisonous Vapours        Pois/Air       ###...       5%          2    None
 Summon Guardian Golem    Hex/Summ       ###.....     13%         3    #......
 Sting                    Conj/Pois      ##..         16%         1    None
 Summon Ice Beast         Ice/Summ       ###.....     41%         4    ###....
 Olgreb's Toxic Radiance  Pois           ##......     71%         4    ###....
 Venom Bolt               Conj/Pois      ##........   99%         5    #####..
 Poison Arrow             Conj/Pois      ##........   100%        6    ######.
 Chain Lightning          Conj/Air       ###.......   100%        8    #######
 Lehudib's Crystal Spear  Conj/Erth      #.........   100%        8    #######
 Fire Storm               Conj/Fire      #.........   100%        9    #######
 Glaciate                 Conj/Ice       #.........   100%        9    #######


Dungeon Overview and Level Annotations

Branches:
Dungeon (9/15)             Temple (1/1) D:7            Lair (3/6) D:9
  Swamp: Lair:2-4    Shoals: Lair:2-4     Snake: Lair:2-4    Spider: Lair:2-4
    Orc: D:9-12

Altars:
Ashenzari
Cheibriados
Dithmenos
Elyvilon
Fedhas
Gozag
Hepliaklqana
Kikubaaqudgha
Makhleb
Nemelex Xobeh
Okawaru
Qazlal
Ru
Sif Muna
Trog
Uskayaw
Vehumet
Wu Jian
Xom
Yredelemnul
Zin
The Shining One

Shops:
D:7 [*

Annotations:
D:5 3 runed translucent doors, Borgoz's ghost, novice GrFi


Innate Abilities, Weirdness & Mutations

You are resistant to torment.
Your stone body is resilient. (AC +8)
You are immune to poison.
You resist negative energy. (rN+)
You are resistant to electric shocks. (rElec)
You can survive without breathing.
You are immune to petrification.
You are immune to rotting.


Message History

Confirm with . or Enter, or press ? or * to list all spells.
A beastly little devil appears in a puff of flame.
The yak gores you.
* * * LOW HITPOINT WARNING * * *
The yak gores you!
* * * LOW HITPOINT WARNING * * *
You swap places.
The yak gores your crimson imp but does no damage.
Your crimson imp hits the yak but does no damage.
The yak gores your crimson imp.
Your crimson imp blinks!
Casting: Call Imp (safe; 1% risk of failure)
Confirm with . or Enter, or press ? or * to list all spells.
The yak gores you!
* * * LOW HITPOINT WARNING * * *
Your quokka bites the yak.
Casting: Summon Small Mammal (safe; 1% risk of failure)
Confirm with . or Enter, or press ? or * to list all spells.
The yak gores you!
You die...

###P.....#.#####.######...8...#.
#P.P.##### #................##
#..#....######..............#.
##.........# #.#...8..8.>.8...
####.#P..PP.## #................
#............# ###Y...........##
##...P..#.#..P####.#.###...8..###
#P...#.#####..#.##Y##........##
##.....# ##...r@Y.#.........#
P≈...#.####P....##r....8...###
≈...###.##...P.###........##
≈P..###......### #.......##
P....##.#.....####.#...##.#
P...##....#..#.#.P.###.####
....#.....##.......##.##
≈........######..#.##############
P...P.#.#######....##..##.##.#P#.


You could see 2 yaks and 2 friendly quokkas.

Vanquished Creatures
  3 spiny frogs
  2 centaur zombies
  A centaur skeleton (D:9)
  A rime drake (Lair:2)
  A komodo dragon (Lair:1)
  A troll (D:9)
  3 hornets (D:8)
  3 blink frogs (Lair:1)
  3 yaks (Lair:3)
  A wyvern (D:9)
  2 porcupines
  2 water moccasins
  An orc warrior (Temple)
  A sky beast (D:8)
  An ice beast (D:8)
  A necrophage (D:9)
  2 phantoms (D:8)
  4 ogres
  4 wolves
  2 centaurs
  5 crocodiles
  A big kobold (D:8)
  Blork the orc (D:5)
  6 bullfrogs
  A scorpion (D:4)
  A killer bee (D:8)
  3 wights (Temple)
  2 electric eels (Lair:2)
  A howler monkey (Temple)
  2 crimson imps
  A quasit (D:6)
  7 hounds
  2 bullfrog zombies (D:5)
  3 orc priests
  A gnoll shaman (D:8)
  Terence (D:2)
  5 orc wizards
  4 worker ants
  2 iguanas
  2 hound zombies
  11 gnolls
  7 adders
  2 shadow imps
  3 worms
  A dart slug (D:2)
  4 leopard geckos
  16 orcs
  5 bats
  7 giant cockroaches
  2 goblins (D:1)
  5 hobgoblins
  8 jackals
  11 kobolds
  4 quokkas
  2 ball pythons
  4 frilled lizards
  A giant cockroach zombie (D:5)
  5 rats
  2 plants (D:9)
190 creatures vanquished.

Vanquished Creatures (collateral kills)
  A komodo dragon (Lair:1)
  A blink frog (Lair:1)
  A hippogriff (D:8)
  A soldier ant (D:8)
  2 porcupines (Lair:2)
  2 ogres (D:8)
  A centaur (D:8)
  2 crocodiles (Lair:2)
  3 bullfrogs
  A scorpion (D:8)
  3 killer bees (D:8)
  A wight (D:7)
  Crazy Yiuf (D:7)
  2 orc priests
  An orc wizard (D:9)
  An iguana (D:8)
  A hound skeleton (D:8)
  3 gnolls (D:3)
  6 adders
  A shadow imp (D:8)
  2 worms (D:2)
  A leopard gecko (D:1)
  12 orcs
  2 bats
  A goblin (D:1)
  2 hobgoblins (D:3)
  6 jackals
  A quokka (D:8)
  A ball python (D:3)
  2 frilled lizards
  A jackal skeleton (D:8)
  8 kobolds
  A rat (D:2)
75 creatures vanquished.

Vanquished Creatures (others)
  A fungus (Lair:1)
  A plant (Lair:3)
2 creatures vanquished.

Grand Total: 267 creatures vanquished

Notes
Turn   | Place    | Note
-------+----------+-------------------------------------------
     0 | D:1      | night the Gargoyle Summoner began the quest for the Orb.
     0 | D:1      | Reached XP level 1. HP: 10/10 MP: 3/3
   548 | D:1      | Reached XP level 2. HP: 14/15 MP: 5/5
  1303 | D:1      | Reached skill level 4 in Summonings
  1439 | D:1      | Learned a level 2 spell: Call Imp
  1661 | D:2      | Reached XP level 3. HP: 7/19 MP: 4/7
  2308 | D:2      | Found a bloodstained altar of Trog.
  2783 | D:2      | Learned a level 3 spell: Call Canine Familiar
  2820 | D:2      | Found a sparkling altar of Nemelex Xobeh.
  2832 | D:2      | Noticed Terence
  2852 | D:2      | Reached XP level 4. HP: 8/24 MP: 3/8
  2869 | D:2      | Killed Terence
  3816 | D:2      | Reached XP level 5. HP: 28/28 MP: 10/10
  4119 | D:3      | Found a glowing silver altar of Zin.
  4120 | D:3      | Noticed an angel
  4531 | D:3      | Reached skill level 5 in Summonings
  5220 | D:4      | Reached XP level 6. HP: 13/32 MP: 12/12
  5614 | D:4      | Found a burning altar of Makhleb.
  5626 | D:4      | Got a bloodstained whip
  5627 | D:4      | Identified the +8 whip of the Present {venom, rF+ MR+ Str-2
                  | Stlth+} (You found it on level 4 of the Dungeon)
  5964 | D:4      | Learned a level 4 spell: Summon Lightning Spire
  5978 | D:5      | Entered Level 5 of the Dungeon
  6037 | D:5      | Found a blossoming altar of Fedhas.
  6092 | D:5      | Noticed Blork the orc
  6099 | D:5      | Killed Blork the orc
  6099 | D:5      | Reached skill level 1 in Maces & Flails
  6099 | D:5      | Reached XP level 7. HP: 21/36 MP: 14/14
  6249 | D:5      | Got a crystal spear
  6250 | D:5      | Identified the +5 spear of a sewer {pierce, rElec} (You
                  | found it on level 5 of the Dungeon)
  6265 | D:5      | Reached skill level 1 in Air Magic
  6483 | D:5      | Reached skill level 5 in Spellcasting
  6529 | D:5      | Noticed Borgoz's ghost (novice GrFi)
  6529 | D:5      | Noticed a gargoyle
  6549 | D:5      | Found a runed translucent gate.
  6549 | D:5      | Found a runed translucent gate.
  6549 | D:5      | Found a runed translucent gate.
  7205 | D:5      | Reached skill level 6 in Summonings
  7892 | D:6      | Found an ornate altar of the Wu Jian Council.
  7975 | D:7      | Found Roloeh's General Store.
  7998 | D:7      | Bought a scroll of silence for 75 gold pieces
  7998 | D:7      | Bought a scroll of fog for 20 gold pieces
  8010 | D:7      | Found a staircase to the Ecumenical Temple.
  8027 | Temple   | Entered the Ecumenical Temple
  8033 | Temple   | Reached XP level 8. HP: 31/41 MP: 15/15
  8242 | Temple   | Became a worshipper of Sif Muna the Loreminder
  9517 | D:7      | Reached * piety under Sif Muna
  9517 | D:7      | Reached XP level 9. HP: 36/45 MP: 16/18
  9618 | D:7      | Found a sparkling altar of Nemelex Xobeh.
  9687 | D:7      | Found Jamul's Antique Armour Emporium.
  9692 | D:7      | Bought a glowing leather armour for 160 gold pieces
  9754 | D:7      | Found a runed translucent door.
  9754 | D:7      | Noticed Crazy Yiuf
  9775 | D:7      | Killed Crazy Yiuf
 10188 | D:8      | Reached skill level 7 in Summonings
 10191 | D:8      | Reached skill level 5 in Air Magic
 10656 | D:8      | Reached ** piety under Sif Muna
 10777 | D:8      | Reached skill level 1 in Fighting
 11090 | D:8      | Noticed a hornet
 11092 | D:8      | Noticed a hornet
 11094 | D:8      | Noticed a hornet
 11100 | D:8      | Killed a hornet
 11105 | D:8      | Killed a hornet
 11107 | D:8      | Reached skill level 5 in Maces & Flails
 11124 | D:8      | Killed a hornet
 11124 | D:8      | Reached XP level 10. HP: 29/53 MP: 18/20
 11700 | D:8      | Found a shimmering altar of Xom.
 11700 | D:8      | Found a shimmering altar of Xom.
 11700 | D:8      | Found a shimmering altar of Xom.
 11700 | D:8      | Found a shimmering altar of Xom.
 11701 | D:8      | Found a shimmering altar of Xom.
 11701 | D:8      | Found a shimmering altar of Xom.
 11701 | D:8      | Found a shimmering altar of Xom.
 11701 | D:8      | Found a shimmering altar of Xom.
 12058 | D:9      | Found a staircase to the Lair.
 12082 | Lair:1   | Entered Level 1 of the Lair of Beasts
 12082 | Lair:1   | Noticed a spiny frog
 12103 | Lair:1   | Killed a spiny frog
 12881 | D:7      | Bought a glowing ring mail for 224 gold pieces
 13026 | Lair:1   | Got a faintly glowing hunting sling
 13027 | Lair:1   | Identified the +0 hunting sling "Luwusedd" {flame, MR+}
                  | (You found it on level 1 of the Lair of Beasts)
 13196 | Lair:1   | Reached *** piety under Sif Muna
 13204 | Lair:1   | Reached skill level 1 in Armour
 13270 | Lair:1   | Reached skill level 8 in Summonings
 13584 | Lair:1   | Noticed a spiny frog
 13593 | Lair:1   | Killed a spiny frog
 14374 | Lair:1   | Reached XP level 11. HP: 42/62 MP: 19/21
 14582 | Lair:2   | HP: 3/62 [crocodile (9)]
 14997 | Lair:2   | Learned a level 3 spell: Mephitic Cloud
 15101 | Lair:2   | Reached skill level 1 in Poison Magic
 15767 | Lair:2   | HP: 1/62 [yak (8)]
 15769 | Lair:2   | Mangled by a yak

Skill      XL: |  1  2  3  4  5  6  7  8  9 10 11 |
---------------+----------------------------------+-----
Summonings     | 4 5 6 7 8 |  8.2
Spellcasting   | 3 4 5 6 7 |  7.1
Maces & Flails | 1 2 3 5 6 7 |  7.5
Air Magic      | 2 4 6 7 |  7.4
Fighting       | 2 4 |  4.6
Dodging        | 2 3 |  3.3
Armour         | 2 |  2.8
Poison Magic   | 2 |  2.0
Stealth        | |  2.1

Action                   |  1- 3 |  4- 6 |  7- 9 | 10-12 || total
-------------------------+-------+-------+-------+-------++-------
Melee: Club              |   169 |     5 |       |       ||   174
       Unarmed           |     8 |       |       |       ||     8
       Flail             |       |    51 |       |       ||    51
       Spear             |       |    41 |    62 |    35 ||   138
       Whip              |       |    71 |   201 |   283 ||   555
       Trident           |       |    21 |       |       ||    21
       Dagger            |       |    13 |       |       ||    13
 Cast: Summon Small Mamm |    10 |     1 |       |     9 ||    20
       Call Imp          |    10 |    18 |    12 |    28 ||    68
       Call Canine Famil |       |     6 |     3 |     8 ||    17
       Summon Lightning  |       |       |     6 |     7 ||    13
Invok: Divine Energy     |       |       |     1 |       ||     1
  Use: Potion            |     3 |       |       |     5 ||     8
       Scroll            |       |       |     2 |    11 ||    13
 Stab: Sleeping          |     4 |     5 |     7 |     3 ||    19
       Distracted        |       |     1 |     3 |     3 ||     7
  Eat: Chunk             |     7 |    12 |    14 |    15 ||    48
       Ration            |       |       |     1 |       ||     1
Armor: Robe              |    92 |    77 |    81 |       ||   250
       Scale mail        |       |    14 |       |       ||    14
       Leather armour    |       |       |    37 |    59 ||    96
       Ring mail         |       |       |       |   150 ||   150
Dodge: Dodged            |   208 |   150 |   179 |   224 ||   761
